 Dungeon Crawl Stone Soup version 0.20-a0-870-g4070442 (webtiles) character file.

52 graki42 the Firebug (level 3, -2/19 HPs)
             Began as a Deep Elf Fire Elementalist on Mar 13, 2017.
             Blown up by Ijyb (21 damage)
             ... with a wand of disintegration (?/24)
             ... on level 2 of the Dungeon.
             The game lasted 00:03:53 (1010 turns).

graki42 the Firebug (Deep Elf Fire Elementalist)    Turns: 1010, Time: 00:03:54

Health: -2/19      AC:  2    Str:  6    XL:     3   Next: 60%
Magic:  6/9        EV: 13    Int: 19    God:
Gold:   65         SH:  0    Dex: 15    Spells: 1/8 levels left

rFire    . . .     SeeInvis .   n - +2 dagger (flame)
rCold    . . .     Gourm    .   a - +0 robe
rNeg     . . .     Faith    .   (no shield)
rPois    .         Spirit   .   (no helmet)
rElec    .         Reflect  .   (no cloak)
rCorr    .         Harm     .   (no gloves)
MR       .....                  (no boots)
Stlth    ++........             (no amulet)
Regen    0.1/turn               (no ring)
MPRegen  0.2/turn               (no ring)

@: no status effects
A: no striking features
a: no special abilities


You were on level 2 of the Dungeon.
You were not hungry.

You visited 1 branch of the dungeon, and saw 2 of its levels.

You collected 65 gold pieces.

Inventory:

Hand Weapons
 n - a +2 dagger of flaming (weapon)
Armour
 a - a +0 robe (worn)
Scrolls
 d - 2 scrolls of fear {unknown}
 e - 2 scrolls of teleportation {unknown}
 g - a scroll of identify {unknown}
 h - 2 scrolls of remove curse {unknown}
 i - a scroll of amnesia {unknown}
 m - a scroll of immolation {unknown}
Potions
 j - 2 potions of lignification {unknown}
 l - a potion of brilliance {unknown}
Books
 b - a book of Flames

   Spells                             Type                      Level
   a - Flame Tongue                   Conjuration/Fire             1
   b - Throw Flame                    Conjuration/Fire             2
   c - Conjure Flame                  Conjuration/Fire             3
   d - Inner Flame                    Hexes/Fire                   3
   e - Sticky Flame                   Conjuration/Fire             4
   f - Fireball                       Conjuration/Fire             5
Comestibles
 c - a bread ration
 f - a meat ration
 k - a fruit


   Skills:
 + Level 2.8 Dodging
 + Level 2.4 Stealth
 + Level 3.4 Spellcasting
 + Level 2.1 Conjurations
 + Level 4.2 Fire Magic


You had one spell level left.
You knew the following spells:

 Your Spells              Type           Power        Failure   Level  Hunger
a - Flame Tongue          Conj/Fire      ###..        4%          1    None
b - Conjure Flame         Conj/Fire      ###.....     12%         3    ###....
c - Inner Flame           Hex/Fire       ##......     17%         3    ###....


Dungeon Overview and Level Annotations

Branches:
Dungeon (2/15)

Altars:

Annotations:
D:2 Ijyb


Message History

The flame tongue hits Ijyb.
Ijyb is lightly wounded.
Casting: Flame Tongue
Confirm with . or Enter, or press ? or * to list all spells.
Aiming: Flame Tongue
Press: ? - help, Shift-Dir - straight line, f/p - Ijyb
Aim: Ijyb, wearing a ring mail (lightly wounded)
The flame tongue hits Ijyb.
Ijyb appears unharmed.
Ijyb is lightly wounded.
Ijyb zaps a wand.
You barely resist.
It is a wand of disintegration (?/24).
Casting: Flame Tongue
Confirm with . or Enter, or press ? or * to list all spells.
Aiming: Flame Tongue
Press: ? - help, Shift-Dir - straight line, f/p - Ijyb
Aim: Ijyb, wearing a ring mail and carrying a wand of disintegration (?/24) {zapped: 1} (lightly wounded)
The flame tongue hits Ijyb.
Ijyb is moderately wounded.
Ijyb zaps a wand.
You are blasted!
Ouch! That really hurt!
You die...

##.....# ..#.(..#
#.....### ......#
#......#( $....#
+......... .....#
##.....### ....#
#.......) #.g#
#####.....
#..#######..###.##.
#.@...#...#..##..##
##.#.........##.### #
..........###.##...#...
............#.####.####
#.........##.#.####)####
#.........# ..........##
..........# ##.#####....
#.........# #.# ##...
.........####.#######..


You could see Ijyb.

Vanquished Creatures
  An adder (D:2)
  2 dart slugs (D:1)
  7 bats
  6 hobgoblins
  3 jackals (D:2)
  3 frilled lizards
  6 goblins
  6 kobolds
  4 rats (D:1)
38 creatures vanquished.

Notes
Turn   | Place    | Note
-------+----------+-------------------------------------------
     0 | D:1      | graki42 the Deep Elf Fire Elementalist began the quest for the Orb.
     0 | D:1      | Reached XP level 1. HP: 10/10 MP: 6/6
   295 | D:1      | Reached XP level 2. HP: 15/15 MP: 6/8
   424 | D:1      | Reached skill level 4 in Fire Magic
   691 | D:2      | Reached XP level 3. HP: 19/19 MP: 6/9
   696 | D:2      | Learned a level 3 spell: Conjure Flame
   700 | D:2      | Learned a level 3 spell: Inner Flame
  1005 | D:2      | Noticed Ijyb
  1010 | D:2      | Blown up by Ijyb

Vault maps used:
D:1:      minmay_arrival_stair_chambers, serial_curves, eino_curves_02,
          eino_curves_04, minmay_close_crescents
D:2:      yredelemnul_forgotten_temple_becter, elyvilon_altar_3, uniq_natasha,
          uniq_iyjb

Skill      XL: |  1  2  3 |
---------------+----------+-----
Fire Magic     | 4 |  4.2
Conjurations   | 2 |  2.1
Dodging        | |  2.8
Stealth        | |  2.4
Spellcasting   | |  3.4

Action                   || total
-------------------------++-------
 Cast: Flame Tongue      ||    60
Armor: Robe              ||     4
Dodge: Dodged            ||    25
